 Dungeon Sprint DCSS version 0.31-a0-128-g25add195a6 (webtiles) character file.

Game seed: 7729351994959064920

4 rocky1 the Grasshopper (level 1, 0/20 HPs)
             Began as a Gnoll Warper on June 2, 2023.
             Slain by a human (6 damage)
             ... in the Dungeon (Sprint III: "The Ten Rune Challenge").
             The game lasted 00:00:21 (66 turns).

rocky1 the Grasshopper (Gnoll Warper)                 Turns: 66, Time: 00:00:21

Health: 0/20       AC:  3    Str: 10    XL:     1   Next: 60%
Magic:  6/6        EV: 12    Int: 12    God:
Gold:   0          SH:  0    Dex: 11    Spells: 10/10 levels left

rFire   . . .        a - +0 falchion
rCold   . . .        (no shield)
rNeg    . . .        b - +0 leather armour
rPois   .            (no helmet)
rElec   .            (no cloak)
rCorr   .            (no gloves)
SInv    .            (no boots)
Will    .....        (no amulet)
Stlth   +            (no ring)
HPRegen 0.23/turn    (no ring)
MPRegen 0.10/turn

%: no teleportation
@: no status effects
A: fangs 1, strong nose, distributed training
a: no special abilities


You were in the Dungeon.
You visited 1 branch

Inventory:

Hand Weapons
 a - a +0 falchion (weapon)
Missiles
 d - 7 boomerangs of dispersal (quivered)
Armour
 b - a +0 leather armour (worn)
Scrolls
 c - 2 scrolls of blinking
Potions
 e - a potion of curing
 f - a potion of heal wounds
 g - a potion of haste
 h - 2 potions of magic
 i - a potion of berserk rage


   Skills:
 + Level 4.5 Fighting
 + Level 0.8 Short Blades
 + Level 4.5 Long Blades
 + Level 0.8 Axes
 + Level 0.8 Maces & Flails
 + Level 0.8 Polearms
 + Level 0.8 Staves
 + Level 0.8 Ranged Weapons
 + Level 2.6 Throwing
 + Level 2.6 Armour
 + Level 4.5 Dodging
 + Level 0.8 Stealth
 + Level 0.8 Shields
 + Level 0.8 Unarmed Combat
 + Level 5.0 Spellcasting
 + Level 0.5 Conjurations
 + Level 0.5 Hexes
 + Level 0.5 Summonings
 + Level 0.5 Necromancy
 + Level 5.4 Translocations
 + Level 0.5 Transmutations
 + Level 0.5 Fire Magic
 + Level 0.5 Ice Magic
 + Level 0.5 Air Magic
 + Level 0.5 Earth Magic
 + Level 0.5 Poison Magic
 + Level 1.0 Invocations
 + Level 0.8 Evocations


You had 10 spell levels left.
You didn't know any spells.
Your spell library contained the following spells:

 Spells                   Type           Power      Damage    Failure   Level
 Blink                    Tloc           32%        N/A       4%          2
 Lesser Beckoning         Tloc           32%        N/A       4%          2
 Teleport Other           Tloc           16%        N/A       9%          3
 Vhi's Electric Charge    Tloc/Air       20%        N/A       22%         3
 Manifold Assault         Tloc           16%        N/A       28%         4
 Summon Guardian Golem    Hex/Summ       4%         N/A       52%         3
 Orb of Destruction       Conj           2%         9d5       100%        7
 Spellforged Servitor     Conj/Summ      2%         N/A       100%        7


Dungeon Overview and Level Annotations

Branches:
Dungeon (1/1)

Altars:


Innate Abilities, Weirdness & Mutations

You have very sharp teeth.
Your uncanny sense of smell can sniff out nearby items.
Your experience applies equally to all skills.


Message History

You kill the rat!
You see here a rat corpse.
A rat comes into view.
You closely miss the rat. The rat barely misses you.
You closely miss the rat. The rat bites you but does no damage.
You barely miss the rat. The rat closely misses you.
You hit the rat but do no damage. The rat barely misses you.
You hit the rat.
You kill the rat!
Your Invocations skill increases to level 1!
You see here a rat corpse.
A human comes into view.
The human shouts!
You closely miss the human. The human hits you. x2
You closely miss the human. The human hits you.
You closely miss the human. The human hits you.
* * * LOW HITPOINT WARNING * * *
You hit the human.
The human is lightly wounded.
The human barely misses you.
You miss the human.
The human is lightly wounded.
The human barely misses you.
You hit the human but do no damage.
The human is lightly wounded.
The human barely misses you.
You barely miss the human.
The human is lightly wounded.
The human hits you.
* * * LOW HITPOINT WARNING * * *
You barely miss the human.
The human is lightly wounded.
The human closely misses you.
You hit the human. Your bite misses the human.
The human is lightly wounded.
The human barely misses you.
You barely miss the human.
The human is lightly wounded.
The human hits you.
You die...

▓<..#[..####
▓...#......##
▓..##....†..#∆∆
▓##.##.##...#∆∆ .#
##.##.###..# ..#
▓#.####.##..# ...+
▓.###..##..##
#p..# ▓#.....##†.#
#....#
###..##..@##.....#
##..##...p#......#
#..###..##.# #..#
#.. ### ▓▓▓▓ ▓▓▓


You could see a human.

Vanquished Creatures
  2 endoplasms (D)
  2 rats (D)
4 creatures vanquished.

Notes
Turn   | Place    | Note
-------+----------+-------------------------------------------
     0 | D        | rocky1 the Gnoll Warper began the quest for the Orb.
     0 | D        | Reached XP level 1. HP: 20/20 MP: 6/6
    17 | D        | Reached skill level 5 in Spellcasting
    47 | D        | Reached skill level 1 in Invocations
    66 | D        | Slain by a human

Illustrated notes

Levels and vault maps discovered:
D:        dungeon_sprint_mu [sprint_mu_entry_cave, sprint_mu_temple_rooms,
          sprint_mu_d1_spiders, sprint_mu_d2_genie, sprint_mu_d3_branching,
          sprint_mu_orc_legion, sprint_mu_elf_gauntlet, sprint_mu_hive_nellie,
          sprint_mu_lair_fedhas, sprint_mu_vaults_butterflies,
          sprint_mu_slime_circle, sprint_mu_swamp_cave, sprint_mu_snake_twists,
          sprint_mu_blade_basic, sprint_mu_crypt_lich, sprint_mu_tomb_spiral,
          sprint_mu_vestibule_basic, sprint_mu_gehenna_hellfire,
          sprint_mu_dis_giant, sprint_mu_tartarus_statrot,
          sprint_mu_cocytus_islands, sprint_mu_zot1]

Skill      XL: |  1 |
---------------+----+-----
Spellcasting   | 5 |  5.0
Invocations    | 1 |  1.0
Fighting       | |  4.5
Short Blades   | |  0.8
Long Blades    | |  4.5
Axes           | |  0.8
Maces & Flails | |  0.8
Polearms       | |  0.8
Staves         | |  0.8
Ranged Weapons | |  0.8
Throwing       | |  2.6
Armour         | |  2.6
Dodging        | |  4.5
Stealth        | |  0.8
Shields        | |  0.8
Unarmed Combat | |  0.8
Conjurations   | |  0.5
Hexes          | |  0.5
Summonings     | |  0.5
Necromancy     | |  0.5
Translocations | |  5.4
Transmutations | |  0.5
Fire Magic     | |  0.5
Ice Magic      | |  0.5
Air Magic      | |  0.5
Earth Magic    | |  0.5
Poison Magic   | |  0.5
Evocations     | |  0.8

Action                     || total
---------------------------++-------
  Melee: Falchion          ||    21
         Bite              ||     1
 Armour: Leather armour    ||     2
  Dodge: Dodged            ||    10

Table legend: (Time is in decaauts)
 A = Elapsed time spent in this place.
 B = Non-inter-level travel time spent in this place.
 C = Inter-level travel time spent in this place.
 D = Time resting spent in this place.
 E = Time spent auto-exploring this place.
 F = Levels seen in this place.
 G = Mean time per level.
                   A        B        C        D        E       F      G
               +--------+--------+--------+--------+--------+-----+--------+
         Total |     67 |     67 |      0 |      0 |      0 |   1 |   67.0 |
       Dungeon |     67 |     67 |      0 |      0 |      0 |   1 |   67.0 |
               +--------+--------+--------+--------+--------+-----+--------+

Top non-repeatable levels by time:
       D: 67 daAuts
